 Dungeon Crawl Stone Soup version 0.28-a0-8-g6e044cfa68 (webtiles) character file.

Game seed: 15613505224100869326

7 Gwenloh the Covered (level 2, -13/24 HPs)
             Began as a Human Fighter on July 24, 2021.
             Mangled by a goblin (17 damage)
             ... on level 1 of the Dungeon.
             The game lasted 00:00:45 (295 turns).

Gwenloh the Covered (Human Fighter)                  Turns: 295, Time: 00:00:46

Health: -13/24     AC:  6    Str: 16    XL:     2   Next: 10%
Magic:  2/2        EV:  6    Int:  8    God:
Gold:   5          SH:  8    Dex: 12    Spells: 1/1 levels left

rFire   . . .      SeeInvis .   a - +0 long sword
rCold   . . .      Faith    .   c - +0 kite shield
rNeg    . . .      Spirit   .   b - +0 scale mail
rPois   .          Reflect  .   (no helmet)
rElec   .          Harm     .   (no cloak)
rCorr   .          Rampage  .   (no gloves)
Will    .....                   (no boots)
Stlth   ..........              (no amulet)
HPRegen 0.08/turn               (no ring)
MPRegen 0.08/turn               (no ring)

@: no status effects
A: no striking features
a: no special abilities


You were on level 1 of the Dungeon.
You visited 1 branch of the dungeon, and saw 1 of its levels.

You collected 5 gold pieces.

Inventory:

Hand Weapons
 a - a +0 long sword (weapon)
Missiles
 e - 63 stones (quivered)
Armour
 b - a +0 scale mail (worn)
 c - a +0 kite shield (worn)
Potions
 d - a potion of might


   Skills:
 + Level 3.1 Fighting
 * Level 2.3 Long Blades
 + Level 3.1 Armour
 - Level 3.0 Shields


You had one spell level left.
You didn't know any spells.
Your spell library was empty.

Dungeon Overview and Level Annotations

Branches:
Dungeon (1/15)

Altars:


Message History

You closely miss the goblin.
The goblin is moderately wounded.
The goblin hits you with a +0 club.
You barely miss the goblin.
The goblin is moderately wounded.
The goblin hits you but does no damage. You block the goblin's attack.
You closely miss the goblin.
The goblin is moderately wounded.
You block the goblin's attack.
You hit the goblin.
You kill the goblin!
No target in view!
You see here a +0 club.
e - 67 stones (gained 1)
You now have 5 gold pieces.
A goblin comes into view.
It is wielding a +2 dagger of electrocution.
The goblin shouts!
You throw a stone. The stone closely misses the goblin.
You throw a stone. The stone closely misses the goblin.
You throw a stone. The stone hits the goblin.
The goblin is moderately wounded.
A rat comes into view.
You throw a stone. The stone barely misses the goblin.
The goblin hits you with a +2 dagger of electrocution.
You are electrocuted!
Ouch! That really hurt!
* * * LOW HITPOINT WARNING * * *
You are too injured to fight recklessly!
You are too injured to fight recklessly!
You are too injured to fight recklessly!
You hit the goblin.
The goblin is severely wounded.
The goblin barely misses you.
You closely miss the goblin.
The goblin is severely wounded.
The goblin hits you with a +2 dagger of electrocution.
* * * LOW HITPOINT WARNING * * *
You are electrocuted!
Ouch! That really hurt!
You die...

.. .. ... ...
(###################.###
..(r((..................
#g@.............#
#.##########.#### #.
######)###### ..
#...........# ###
..#####+#####.
###≈≈≈≈≈§§###
#≈§≈....§≈≈≈# .
#.§§........# .
######†######


You could see a goblin and a rat.

Vanquished Creatures
  3 goblins (D:1)
  2 hobgoblins (D:1)
  A kobold (D:1)
6 creatures vanquished.

Notes
Turn   | Place    | Note
-------+----------+-------------------------------------------
     0 | D:1      | Gwenloh the Human Fighter began the quest for the Orb.
     0 | D:1      | Reached XP level 1. HP: 18/18 MP: 1/1
   183 | D:1      | Reached XP level 2. HP: 23/24 MP: 2/2
   295 | D:1      | Mangled by a goblin

Illustrated notes

Levels and vault maps discovered:
D:1:      dpeg_arrival_morbid_curiosity, layout_basic, serial_shops, shop, shop,
          shop, shop, chequers_jeans, dk_noncrumbling_2

Action                   || total
-------------------------++-------
Melee: Long sword        ||    24
Throw: Stone             ||     9
Armor: Scale mail        ||    13
Dodge: Dodged            ||     6
Block: Kite shield       ||    17
       Rpst.: Long sword ||     1

Table legend: (Time is in decaauts)
 A = Elapsed time spent in this place.
 B = Non-inter-level travel time spent in this place.
 C = Inter-level travel time spent in this place.
 D = Time resting spent in this place.
 E = Time spent auto-exploring this place.
 F = Levels seen in this place.
 G = Mean time per level.
                   A        B        C        D        E       F      G
               +--------+--------+--------+--------+--------+-----+--------+
         Total |    310 |    310 |      0 |     85 |    161 |   1 |  310.0 |
       Dungeon |    310 |    310 |      0 |     85 |    161 |   1 |  310.0 |
               +--------+--------+--------+--------+--------+-----+--------+

Top non-repeatable levels by time:
     D:1: 310 daAuts
